 Dungeon Crawl Stone Soup version 0.24.0-13-gcf9b3192b9 (webtiles) character file.

Game seed: 16450262908200702704, levelgen mode: deterministic

30 Monsterracer the Sneak (level 3, 0/26 HPs)
             Began as a Vampire Fire Elementalist on Nov 8, 2019.
             Was an Initiate of Nemelex Xobeh.
             Slain by an adder (2 damage)
             ... on level 2 of the Dungeon.
             The game lasted 00:02:35 (934 turns).

Monsterracer the Sneak (Vampire Fire Elementalist)   Turns: 934, Time: 00:02:35

Health: 0/26       AC:  2    Str:  8    XL:     3   Next: 3%
Magic:  6/6        EV: 12    Int: 17    God:    Nemelex Xobeh [......]
Gold:   16         SH:  0    Dex: 14    Spells: 5/6 levels left

rFire    . . .     SeeInvis +     - Unarmed
rCold    . . .     Gourm    .   (no shield)
rNeg     . . .     Faith    .   a - +0 robe
rPois    .         Spirit   .   (no helmet)
rElec    .         Reflect  .   (no cloak)
rCorr    .         Harm     .   (no gloves)
MR       .....                  (no boots)
Stlth    ++........             (no amulet)
HPRegen  0.28/turn              (no ring)
MPRegen  0.10/turn              (no ring)

@: lethally poisoned (0 -> -3), flying, regenerating quickly
A: no food, fangs 3, see invisible, unbreathing
a: Exsanguinate, Draw Escape, Draw Destruction, Draw Summoning, Renounce
Religion


You were on level 2 of the Dungeon.
You worshipped Nemelex Xobeh.
Nemelex Xobeh was noncommittal.
You were alive.

You visited 1 branch of the dungeon, and saw 2 of its levels.

You collected 16 gold pieces.

Inventory:

Armour
 a - a +0 robe (worn)
Jewellery
 d - an uncursed amulet of harm {unknown}
   (You found it on level 1 of the Dungeon)
Scrolls
 b - a scroll of remove curse {unknown}
 c - a scroll of amnesia {unknown}
Potions
 e - a potion of flight


   Skills:
 + Level 1.2 Fighting
 - Level 2.1 Dodging
 - Level 3.0 Stealth
 * Level 2.3 Unarmed Combat
 - Level 2.0 Spellcasting
 - Level 0.6 Conjurations
 - Level 2.4 Fire Magic
 + Level 0.0 Invocations


You had 5 spell levels left.
You knew the following spells:

 Your Spells              Type           Power        Failure   Level  Hunger
a - Flame Tongue          Conj/Fire      #....        11%         1    N/A

Your spell library contained the following spells:

 Spells                   Type           Power        Failure   Level  Hunger
 Throw Flame              Conj/Fire      #.....       16%         2    N/A
 Conjure Flame            Conj/Fire      #.......     30%         3    N/A
 Inner Flame              Hex/Fire       #.......     34%         3    N/A
 Sticky Flame             Conj/Fire      #.......     71%         4    N/A
 Fireball                 Conj/Fire      #.........   96%         5    N/A

Dungeon Overview and Level Annotations

Branches:
Dungeon (2/15)

Altars:
Nemelex Xobeh


Innate Abilities, Weirdness & Mutations

You do not eat.
Your natural rate of healing is unusually fast.
You have razor-sharp teeth.
You have supernaturally acute eyesight. (SInv)
You can survive without breathing.


Message History

You have reached level 3!
Your experience leads to an increase in your attributes!
Increase (S)trength, (I)ntelligence, or (D)exterity?
You feel stronger.
If you were bloodless you could now transform into a vampire bat.
Things that are here:
a +0 club; an orc corpse
There is an open door here.
There is an open door here.
A bat comes into view.
A bat is nearby!
The bat barely misses you.
An adder comes into view.
The bat closely misses you. The bat hits you but does no damage.
You hit the bat.
The bat is moderately wounded.
The bat closely misses you.
You closely miss the bat.
The bat is moderately wounded.
The bat hits you but does no damage. The bat hits you.
You hit the bat.
You kill the bat!
The adder barely misses you.
You hit the adder.
The adder is heavily wounded.
The adder bites you.
You miss the adder.
The adder is heavily wounded.
The adder bites you.
You closely miss the adder.
The adder is heavily wounded.
The adder closely misses you.
You closely miss the adder.
The adder is heavily wounded.
The adder bites you. The adder completely misses you.
You hit the adder but do no damage. Your bite misses the adder.
The adder is heavily wounded.
The adder closely misses you.
You barely miss the adder. You bite the adder, but do no damage.
The adder is heavily wounded.
The adder misses you.
You miss the adder.
The adder is heavily wounded.
The adder bites you. The adder barely misses you.
You hit the adder.
The adder is severely wounded.
The adder bites you but does no damage.
You hit the adder but do no damage.
The adder is heavily wounded.
The adder misses you.
You barely miss the adder.
The adder is heavily wounded.
The adder barely misses you.
You miss the adder.
The adder is heavily wounded.
The adder barely misses you. The adder bites you.
You are poisoned.
The adder poisons you!
You barely miss the adder.
The adder is heavily wounded.
You feel sick. The adder barely misses you.
You hit the adder but do no damage.
The adder is heavily wounded.
The adder bites you.
You barely miss the adder.
The adder is heavily wounded.
You feel sick. The adder barely misses you.
You are too injured to fight recklessly!
You hit the adder.
The adder is almost dead.
The adder bites you.
* * * LOW HITPOINT WARNING * * *
The adder bites you.
* * * LOW HITPOINT WARNING * * *
You hit the adder but do no damage.
The adder is almost dead.
The adder bites you.
* * * LOW HITPOINT WARNING * * *
You closely miss the adder. You bite the adder, but do no damage.
The adder is almost dead.
You feel sick. The adder bites you.
* * * LOW HITPOINT WARNING * * *
You hit the adder.
The adder is almost dead.
The adder misses you. The adder bites you.
* * * LOW HITPOINT WARNING * * *
You are lethally poisoned!
The adder poisons you!
Unknown command.
It was a potion of flight.
You feel very buoyant.
You fly up into the air.
* * * LOW HITPOINT WARNING * * *
You feel sick. The adder bites you but does no damage.
You miss the adder.
The adder is almost dead.
The adder bites you.
You die...
Your body disappears without a glow.

....# #.. #...### #.#
##....## #.# .#.....#
#.# ####...# #.#
#..##..# #.# '...#..#
#.#
##.##..####.#########.##
.###............@S......
.....##.###.........#.##
#..####.###########.#
..+............ ..
..#....>....).. ...
.........###### ##
....####.....
.......#..###
...###.#..#


You could see an adder.

Vanquished Creatures
  An ooze (D:2)
  A dart slug (D:1)
  A leopard gecko (D:1)
  An orc (D:2)
  2 goblins (D:1)
  5 hobgoblins (D:1)
  A kobold (D:1)
  A ball python (D:1)
  5 bats (D:1 D:2)
  A frilled lizard (D:1)
  2 rats (D:1)
21 creatures vanquished.

Notes
Turn   | Place    | Note
-------+----------+-------------------------------------------
     0 | D:1      | Monsterracer the Vampire Fire Elementalist began the quest
                  | for the Orb.
     0 | D:1      | Reached XP level 1. HP: 13/13 MP: 3/3
   119 | D:1      | Reached skill level 1 in Unarmed Combat
   193 | D:1      | Reached XP level 2. HP: 11/20 MP: 0/5
   300 | D:1      | HP: 7/20 [hobgoblin/+0 club (4)]
   366 | D:1      | Reached skill level 1 in Fighting
   873 | D:2      | Found a sparkling altar of Nemelex Xobeh.
   878 | D:2      | Became a worshipper of Nemelex Xobeh the Trickster
   882 | D:2      | Reached XP level 3. HP: 23/26 MP: 6/6
   929 | D:2      | HP: 12/26 [adder (3)]
   932 | D:2      | HP: 2/26 [adder (4)]
   934 | D:2      | Slain by an adder

Levels and vault maps discovered:
D:1:      dpeg_arrival_solitude, layout_rooms, chequers_serial_rivers_small_3
D:2:      layout_basic, fedhas_altar_3, lemuel_round_altar,
          nemelex_dance_club_becter

Skill      XL: |  1  2 |
---------------+-------+-----
Unarmed Combat | 1 2 |  2.3
Fighting       | 1 |  1.2
Dodging        | |  2.1
Stealth        | |  3.0
Spellcasting   | |  2.0
Conjurations   | |  0.6
Fire Magic     | |  2.4

Action                   || total
-------------------------++-------
Melee: Unarmed           ||    77
       Bite              ||     8
       Punch             ||     1
 Cast: Flame Tongue      ||    20
  Use: Potion            ||     1
Armor: Robe              ||    16
Dodge: Dodged            ||    56
